AoeStats
← RichardPounder!

Arena

509328138Analyzed
4v4 RM · 6d ago on Sep 26, 2026· 37m 32s· 8 players
Game mode
Random Map
Map size
Large (8 player)
Population
200
Speed
Normal
Resources
Standard
Victory
Conquest
Starting age
Dark Age
Ending age
Imperial Age
RankedLock teamsTeams togetherTeam positionsShared explorationLock speedFull tech treeHidden civsTurbo modeCheats
Victory
Defeat
🇪🇸 Bohemians · Spain
882
+13
🇫🇷 Burgundians · France
862
+14
🇳🇱 Ethiopians · Netherlands
850
+15
🇪🇸 Poles · Spain
811
+16
🇦🇺 Goths · Australia
910
-18
🇩🇪 Varangians · Germany
861
-16
🇨🇳 Vikings · China
765
-12
🇷🇴 Armenians · Romania
758
-12
Sm0k1nG040
11:46 Feudal Age
15:39 Castle Age
13:36 Double-Bit Axe
13:59 Horse Collar
16:06 Wheelbarrow
17:04 Bow Saw
17:33 Heavy Plow
21:05 Gold Mining
24:26 Gold Shaft Mining
28:53 Imperial Age
26:25 Loom
27:05 Fletching
27:56 Bodkin Arrow
28:06 Padded Archer Armor
27:53 Crossbowman
29:01 Ballistics
30:36 Chemistry
29:01 Arbalester
29:56 Thumb Ring
30:27 Bracer
31:48 Leather Archer Armor
33:17 Ring Archer Armor
33:44 Coinage
33:39 Caravan
lavive3113
11:11 Feudal Age
9:30 Double-Bit Axe
9:47 Horse Collar
11:52 Heavy Plow
12:07 Bow Saw
13:33 Wheelbarrow
17:43 Castle Age
16:42 Gold Mining
18:04 Gold Shaft Mining
20:33 Hand Cart
21:45 Crop Rotation
23:29 Stone Mining
24:59 Stone Shaft Mining
28:26 Two-Man Saw
31:03 Imperial Age
28:59 Town Watch
29:26 Caravan
29:26 Elite Skirmisher
29:29 Crossbowman
30:03 Fletching
30:14 Padded Archer Armor
30:26 Forging
30:22 Scale Barding Armor
30:32 Town Patrol
30:18 Loom
31:15 Guard Tower
31:22 Murder Holes
32:54 Chemistry
31:43 Arrowslits
32:19 Ballistics
32:34 Keep
31:41 Treadmill Crane
32:11 Masonry
32:01 Bodkin Arrow
33:05 Fortified Wall
33:49 Burgundian Vineyards
34:05 Conscription
33:06 Elite Coustillier
34:21 Hoardings
35:49 Sappers
36:26 Bracer
36:41 Leather Archer Armor
37:24 Chain Barding Armor
37:40 Iron Casting
37:06 Scale Mail Armor
36:30 Pikeman
37:11 Squires
36:56 Arson
DavidFe
12:20 Feudal Age
16:49 Castle Age
14:49 Double-Bit Axe
15:36 Horse Collar
16:07 Gold Mining
17:43 Wheelbarrow
17:43 Bow Saw
18:37 Heavy Plow
21:13 Scale Barding Armor
21:19 Forging
22:03 Stone Mining
24:29 Bloodlines
24:48 Chain Barding Armor
25:03 Iron Casting
29:42 Imperial Age
28:03 Szlachta Privileges
28:30 Husbandry
29:06 Hand Cart
29:43 Cavalier
31:26 Blast Furnace
31:40 Conscription
Karlos
11:21 Feudal Age
15:26 Castle Age
13:55 Double-Bit Axe
16:43 Bow Saw
17:42 Horse Collar
21:49 Heavy Plow
23:12 Wheelbarrow
25:00 Hand Cart
29:36 Imperial Age
29:17 Chemistry
30:10 Ballistics
32:45 Two-Man Saw
PulseHex
0:30 Loom
12:08 Feudal Age
12:30 Horse Collar
14:09 Wheelbarrow
13:24 Double-Bit Axe
18:46 Castle Age
19:45 Bow Saw
20:00 Heavy Plow
20:45 Hand Cart
26:28 Gold Mining
27:07 Scale Mail Armor
27:13 Scale Barding Armor
29:46 Caravan
30:57 Chain Barding Armor
30:53 Chain Mail Armor
30:48 Forging
30:57 Forging
31:11 Vendel Legacy
32:34 Pikeman
33:15 Squires
33:35 Arson
35:08 Iron Casting
37:12 Imperial Age
37:14 Halberdier
Iulius Caeddar
0:28 Loom
11:59 Feudal Age
18:03 Castle Age
18:03 Horse Collar
18:16 Double-Bit Axe
23:17 Bow Saw
23:11 Heavy Plow
25:17 Man-at-Arms
27:28 Wheelbarrow
26:36 Long Swordsman
27:06 Gambesons
27:43 Two-Handed Swordsman
28:45 Forging
28:42 Caravan
30:36 Fervor
31:27 Squires
32:19 Pikeman
33:23 Scale Mail Armor
34:07 Iron Casting
34:24 Chain Mail Armor
38:04 Imperial Age
RichardPounder!
3:25 Loom
12:30 Feudal Age
13:37 Double-Bit Axe
16:06 Man-at-Arms
16:46 Stone Mining
17:43 Scale Mail Armor
18:29 Forging
19:42 Wheelbarrow
20:40 Fletching
21:19 Gold Mining
21:58 Scale Barding Armor
21:54 Padded Archer Armor
22:14 Horse Collar
26:56 Castle Age
28:33 Squires
27:55 Long Swordsman
30:58 Anarchy
33:13 Chain Mail Armor
serendipity
5:16 Loom
Connection lost

Rejoining the realm…

Still unreachable

The connection could not be restored.

Session expired

The server has moved on; the page needs a fresh start.